 Dungeon Crawl Stone Soup version 0.23.0 (webtiles) character file.

Game seed: 10411634031052798738

308 LLavrengius the Changer (level 6, -4/52 HPs)
             Began as a Draconian Earth Elementalist on Feb 10, 2019.
             Slain by an orc wizard
             ... wielding a +2 dagger of electrocution
              (13 damage)
             ... on level 3 of the Dungeon.
             The game lasted 00:11:07 (2579 turns).

LLavrengius the Changer (DrEE)                      Turns: 2579, Time: 00:11:07

Health: -4/52      AC: 11    Str: 11    XL:     6   Next: 17%
Magic:  2/10       EV: 11    Int: 17    God:
Gold:   152        SH:  0    Dex: 11    Spells: 3/11 levels left

rFire    . . .     SeeInvis .   t - +2 dagger (venom)
rCold    . . .     Gourm    .   (no shield)
rNeg     . . .     Faith    .   (armour unavailable)
rPois    .         Spirit   .   (helmet restricted)
rElec    .         Reflect  .   (no cloak)
rCorr    .         Harm     .   d - +0 pair of gloves
MR       .....                  q - +0 pair of boots
Stlth    +.........             (no amulet)
HPRegen  0.17/turn              r - +3 ring of protection
MPRegen  0.12/turn              j - ring of wizardry

@: heavily drained
A: unfitting armour, cold-blooded, AC +6
a: no special abilities


You were on level 3 of the Dungeon.
You were not hungry.

You visited 1 branch of the dungeon, and saw 3 of its levels.

You collected 152 gold pieces.

Inventory:

Hand Weapons
 l - a +2 dagger of freezing
 t - a +2 dagger of venom (weapon)
 u - a +0 trident
Missiles
 b - 148 stones (quivered)
 e - 19 sling bullets
 f - 6 curare-tipped needles
Armour
 d - a +0 pair of gloves (worn)
 h - a cursed +0 pair of boots
 q - a +0 pair of boots (worn)
Jewellery
 j - a ring of wizardry (right hand)
 r - a +3 ring of protection (left hand)
 v - a +2 ring of slaying {unknown}
Scrolls
 a - 2 scrolls of identify {unknown}
 n - a scroll of enchant armour {unknown}
 o - 3 scrolls of remove curse {unknown}
Potions
 g - a potion of flight
 p - a potion of heal wounds {unknown}
Comestibles
 c - 8 rations
 s - a chunk of flesh


   Skills:
 + Level 4.0(2.7) Fighting
 - Level 1.7(0.5) Dodging
 - Level 1.7(0.5) Stealth
 - Level 3.0(1.8) Spellcasting
 * Level 4.1(2.8) Transmutations
 - Level 3.0(1.8) Earth Magic


You had 3 spell levels left.
You knew the following spells:

 Your Spells              Type           Power        Failure   Level  Hunger
a - Sandblast             Erth           #.....       4%          1    #......
b - Passwall              Tmut/Erth      #.......     4%          2    ###....
c - Lee's Rapid Deconstr  Erth           #.........   67%         5    ######.

Your spell library contained the following spells:

 Spells                   Type           Power        Failure   Level  Hunger
 Stone Arrow              Conj/Erth      #.....       16%         3    ###....
 Petrify                  Tmut/Erth      #.......     28%         4    #####..


Dungeon Overview and Level Annotations

Branches:
Dungeon (3/15)

Altars:
Elyvilon
Fedhas
Gozag
Makhleb
Nemelex Xobeh
Qazlal
Ru
Trog
Xom


Innate Abilities, Weirdness & Mutations

Your plain brown scales are hard. (AC +6)
You cannot fit into any form of body armour.
You are cold-blooded and may be slowed by cold attacks.


Message History

It was a potion of lignification.
You turn into a tree.
Your +0 pair of gloves melds into your body.
Your +0 pair of boots melds into your body.
Your roots penetrate the ground.
You hear some strange, mumbled words.
Something tries to affect you, but you resist.
It was a potion of cancellation.
Your magical effects are unravelling.
You feel magically purged.
You feel less wooden.
Your +0 pair of gloves unmelds from your body.
Your +0 pair of boots unmelds from your body.
You hear some strange, mumbled words.
Something tries to affect you, but you resist.
It was a potion of curing.
You feel better.
An orc wizard appears from thin air!
Reactivating autopickup.
The orc wizard hits you but does no damage.
You are electrocuted!
You die...

....#####..#..........#
......................#
...#######.########+###
...'............... o.
...#######.########.#####
..............##...o..oo.
..............##o##.####.
. ...........##o# .. .
...........##@# ##
...........##.#
...........##.#
...........##.#
...........#.# #
...........#.# #
)............# #
.........#..# #
........#..#


You could see an orc wizard and an orc.

Vanquished Creatures
  2 orc wizards (D:3)
  A bullfrog skeleton (D:3)
  2 orc priests (D:3)
  5 gnolls
  3 adders (D:2)
  An ooze (D:1)
  2 worms
  2 dart slugs
  6 orcs (D:3)
  7 bats
  4 giant cockroaches
  11 hobgoblins
  3 jackals (D:1)
  4 kobolds
  2 quokkas (D:3)
  2 ball pythons
  7 frilled lizards
  8 goblins
  8 rats
80 creatures vanquished.

Notes
Turn   | Place    | Note
-------+----------+-------------------------------------------
     0 | D:1      | LLavrengius the Draconian Earth Elementalist began the
                  | quest for the Orb.
     0 | D:1      | Reached XP level 1. HP: 14/14 MP: 3/3
   149 | D:1      | Reached skill level 1 in Fighting
   149 | D:1      | Reached XP level 2. HP: 13/23 MP: 1/5
   378 | D:1      | Reached XP level 3. HP: 21/29 MP: 1/7
   469 | D:1      | Learned a level 2 spell: Passwall
  1104 | D:2      | Reached XP level 4. HP: 37/37 MP: 8/8
  1119 | D:2      | Found a shimmering altar of Xom.
  1121 | D:2      | Found an opulent altar of Gozag.
  1121 | D:2      | Found a basalt altar of Yredelemnul.
  1124 | D:2      | Found a shimmering altar of Xom.
  1124 | D:2      | Found a burning altar of Makhleb.
  1124 | D:2      | Found a white marble altar of Elyvilon.
  1215 | D:2      | Found a sacrificial altar of Ru.
  1632 | D:2      | Found a bloodstained altar of Trog.
  1751 | D:2      | Found a sparkling altar of Nemelex Xobeh.
  1751 | D:2      | Found a blossoming altar of Fedhas.
  2088 | D:3      | Reached XP level 5. HP: 43/45 MP: 1/9
  2314 | D:3      | Learned a level 5 spell: Lee's Rapid Deconstruction
  2422 | D:3      | Found a stormy altar of Qazlal.
  2549 | D:3      | Reached XP level 6. HP: 26/52 MP: 7/10
  2579 | D:3      | Slain by an orc wizard

Skill      XL: |  1  2  3  4  5  6 |
---------------+-------------------+-----
Fighting       | 1 2 3 4 |  4.0
Spellcasting   | 3 |  3.0
Transmutations | 2 3 4 |  4.1
Dodging        | |  1.7
Stealth        | |  1.7
Earth Magic    | |  3.0

Action                   |  1- 3 |  4- 6 || total
-------------------------+-------+-------++-------
Melee: Club              |     6 |       ||     6
       Dagger            |    88 |   121 ||   209
       Tailslap          |     9 |    16 ||    25
 Cast: Sandblast         |    15 |    29 ||    44
  Use: Potion            |       |     4 ||     4
 Stab: Sleeping          |     2 |     6 ||     8
  Eat: Chunk             |     1 |     5 ||     6
Armor: Skin              |    33 |    37 ||    70
Dodge: Dodged            |    69 |    56 ||   125
